 Dungeon Crawl Stone Soup version 0.30-a0-1053-gbd8d5ba0ad (webtiles) character file.

Game seed: 2739339988123260292

88 Arzdou the Grave Robber (level 4, -4/34 HPs)
             Began as a Hill Orc Necromancer on Apr 11, 2023.
             Slain by a black bear (6 damage)
             ... on level 3 of the Dungeon.
             The game lasted 00:05:22 (2494 turns).

Arzdou the Grave Robber (Hill Orc Necromancer)      Turns: 2494, Time: 00:05:23

Health: -4/34      AC:  2    Str: 10    XL:     4   Next: 53%
Magic:  1/7        EV: 12    Int: 17    God:
Gold:   80         SH:  0    Dex: 11    Spells: 3/7 levels left

rFire   . . .      SeeInvis .    g - +0 short sword
rCold   . . .      Faith    .    (no shield)
rNeg    + . .      Spirit   .    a - +0 robe
rPois   .          Reflect  .    (no helmet)
rElec   .          Rampage  .    (no cloak)
rCorr   .                        (no gloves)
Will    .....                    (no boots)
Stlth   ++                       (no amulet)
HPRegen 0.25/turn                e - ring of positive energy
MPRegen 0.10/turn                (no ring)

@: no status effects
A: no striking features
a: no special abilities


You were on level 3 of the Dungeon.
You visited 1 branch of the dungeon, and saw 3 of its levels.

You collected 80 gold pieces.

Inventory:

Hand Weapons
 g - a +0 short sword (weapon)
Armour
 a - a +0 robe (worn)
Jewellery
 e - a ring of positive energy (left hand)
Scrolls
 d - 2 scrolls of enchant weapon {unknown}
 f - a scroll of immolation {unknown}
Potions
 b - a potion of magic
 c - a potion of berserk rage {unknown}
 h - a potion of invisibility {unknown}
 i - a potion of lignification {unknown}
 j - a potion of curing {unknown}


   Skills:
 + Level 0.4 Fighting
 + Level 1.2 Short Blades
 + Level 2.1 Dodging
 + Level 1.6 Stealth
 + Level 2.1 Spellcasting
 + Level 4.8 Necromancy


You had 3 spell levels left.
You knew the following spells:

 Your Spells              Type           Power      Damage    Failure   Level
a - Necrotise             Necr           72%        1d7       2%          1
b - Vampiric Draining     Necr           18%        2d7       8%          3

Your spell library contained the following spells:

 Spells                   Type           Power      Damage    Failure   Level
 Apportation              Tloc           2%         N/A       19%         1
 Summon Small Mammal      Summ           4%         N/A       19%         1
 Animate Dead             Necr           18%        N/A       26%         4
 Agony                    Necr           18%        N/A       58%         5


Dungeon Overview and Level Annotations

Branches:
Dungeon (3/15)

Altars:

Shops:
D:2 =


Message History

Your bat skeleton barely misses the black bear.
Casting: Necrotise (safe; 2% risk of failure)
Confirm with . or Enter, or press ? or * to list all spells.
Aiming: Vampiric Draining (dangerous; 8% risk of failure)
Press: ? - help, Shift-Dir - straight line, f/p - black bear
Aim: a black bear (severely wounded, ally target)
You draw life force from the black bear.
Your bat skeleton hits the black bear but does no damage.
Your bat skeleton closely misses the black bear.
The black bear goes berserk!
You hit the black bear.
The black bear is almost dead.
Your bat skeleton hits the black bear but does no damage.
Your bat skeleton misses the black bear.
The black bear bites you. The black bear barely misses you.
The black bear claws you.
An adder comes into view.
You hit the black bear but do no damage.
The black bear is almost dead.
Your bat skeleton barely misses the black bear.
Your bat skeleton hits the black bear but does no damage.
The black bear bites your bat skeleton!
Your bat skeleton is destroyed!
The black bear growls angrily.
You closely miss the black bear.
The black bear is almost dead.
The black bear barely misses you. The black bear claws you. x2
The black bear misses you. The black bear closely misses you.
The black bear claws you.
You hit the black bear.
The black bear is almost dead.
The black bear bites you!
* * * LOW HITPOINT WARNING * * *
The black bear closely misses you. x2
You barely miss the black bear.
The black bear is almost dead.
The black bear barely misses you. The black bear claws you.
* * * LOW HITPOINT WARNING * * *
The black bear claws you.
You die...

#........# ....
#........# ...
.......... ..
#......... ###.
#........# ...###
#........# ###...#
#.h..S...#
#.....###.@...<..#
#........<........
#...†...######.#####
.........# .#
.........# #
..........
.........##
.........#
##########


You could see a black bear (berserk) and an adder.

Vanquished Creatures
  4 adders (D:2)
  A worm (D:2)
  3 dart slugs
  An orc (D:2)
  4 ball pythons
  4 endoplasms
  2 giant cockroaches
  3 goblins
  2 hobgoblins (D:1)
  4 kobolds
  A quokka (D:2)
  4 bats
  7 rats
40 creatures vanquished.

Vanquished Creatures (collateral kills)
  An endoplasm (D:1)
  A frilled lizard (D:1)
2 creatures vanquished.

Grand Total: 42 creatures vanquished

Notes
Turn   | Place    | Note
-------+----------+-------------------------------------------
     0 | D:1      | Arzdou the Hill Orc Necromancer began the quest for the
                  | Orb.
     0 | D:1      | Reached XP level 1. HP: 14/14 MP: 3/3
   144 | D:1      | Reached XP level 2. HP: 20/20 MP: 0/4
   873 | D:1      | Reached XP level 3. HP: 13/26 MP: 1/5
  1204 | D:2      | Found Viocw's Jewellery Shop.
  1301 | D:2      | Learned a level 3 spell: Vampiric Draining
  1619 | D:2      | Reached XP level 4. HP: 31/33 MP: 4/7
  1620 | D:2      | Reached skill level 1 in Short Blades
  2471 | D:3      | Noticed a black bear
  2494 | D:3      | Slain by a black bear

Illustrated notes

Levels and vault maps discovered:
D:1:      dpeg_arrival_pits, layout_basic
D:2:      layout_loops_corners, serial_shops, shop, chequers_garden
D:3:      layout_rooms, makhleb_altar_promises_db,
          dreamdust_ecumenical_altar_drowned_temple

Skill      XL: |  1  2  3  4 |
---------------+-------------+-----
Spellcasting   | 2 |  2.1
Dodging        | 2 |  2.1
Short Blades   | 1 |  1.2
Fighting       | |  0.4
Stealth        | |  1.6
Necromancy     | |  4.8

Action                     |  1- 3 |  4- 6 || total
---------------------------+-------+-------++-------
  Melee: Unarmed           |     4 |       ||     4
         Short sword       |    20 |    23 ||    43
   Cast: Necrotise         |    43 |    16 ||    59
         Vampiric Draining |     2 |     3 ||     5
 Armour: Robe              |     4 |     4 ||     8
  Dodge: Dodged            |    12 |    19 ||    31

Table legend: (Time is in decaauts)
 A = Elapsed time spent in this place.
 B = Non-inter-level travel time spent in this place.
 C = Inter-level travel time spent in this place.
 D = Time resting spent in this place.
 E = Time spent auto-exploring this place.
 F = Levels seen in this place.
 G = Mean time per level.
                   A        B        C        D        E       F      G
               +--------+--------+--------+--------+--------+-----+--------+
         Total |   2491 |   2429 |     62 |      0 |   2150 |   3 |  830.3 |
       Dungeon |   2491 |   2429 |     62 |      0 |   2150 |   3 |  830.3 |
               +--------+--------+--------+--------+--------+-----+--------+

Top non-repeatable levels by time:
     D:2: 1266 daAuts
     D:1: 1202 daAuts
     D:3: 22 daAuts
